 Dungeon Crawl Stone Soup version 0.29-a0-378-gc08b2e8bf8 (webtiles) character file.

Game seed: 2020789100616331664

91 lesaewzxc the Ducker (level 4, -3/34 HPs)
             Began as a Merfolk Gladiator on May 4, 2022.
             Was a Plaything of Xom.
             Slain by a gnoll
             ... wielding a +1 vorpal flail
              (11 damage)
             ... on level 3 of the Dungeon.
             The game lasted 00:08:45 (1115 turns).

lesaewzxc the Ducker (Merfolk Gladiator)            Turns: 1115, Time: 00:08:45

Health: -3/34      AC:  5    Str: 14    XL:     4   Next: 57%
Magic:  5/5        EV: 13    Int:  9    God:    Xom [.*....]
Gold:   67         SH:  0    Dex: 15    Spells: 4/4 levels left

rFire   . . .      SeeInvis .   a - +0 long sword
rCold   . . .      Faith    .   (no shield)
rNeg    . . .      Spirit   .   b - +0 leather armour
rPois   .          Reflect  .   c - +0 helmet
rElec   .          Harm     .   (no cloak)
rCorr   .          Rampage  .   (no gloves)
Will    .....                   h - +0 pair of boots
Stlth   +.........              (no amulet)
HPRegen 0.11/turn               (no ring)
MPRegen 0.09/turn               (no ring)

@: no status effects
A: (nimble swimmer 2), mertail
a: Renounce Religion


You were on level 3 of the Dungeon.
You worshipped Xom.
You were a plaything of Xom.
You visited 1 branch of the dungeon, and saw 3 of its levels.

You collected 67 gold pieces.

Inventory:

Hand Weapons
 a - a +0 long sword (weapon)
 i - a +0 hunting sling
Missiles
 d - 2 throwing nets (quivered)
 e - a javelin
Armour
 b - a +0 leather armour (worn)
 c - a +0 helmet (worn)
 h - a +0 pair of boots (worn)
Scrolls
 g - a scroll of teleportation
Potions
 f - a potion of curing


   Skills:
 + Level 2.7 Fighting
 * Level 4.3 Long Blades
 + Level 2.4 Throwing
 * Level 1.0 Armour
 * Level 4.8 Dodging
 + Level 0.7 Spellcasting


You had 4 spell levels left.
You didn't know any spells.
Your spell library was empty.

Dungeon Overview and Level Annotations

Branches:
Dungeon (3/15)

Altars:
Xom


Innate Abilities, Weirdness & Mutations

((You are very nimble when in or above water. (Stealth+, EV+, Speed+++)))
Your lower body shifts to a powerful aquatic tail in water.


Message History

You become entangled in the net!
You see here a throwing net.
You tear a large gash into the net.
A gnoll comes into view. It is wielding a +1 vorpal flail.
You struggle against the net.
A gnoll comes into view. It is wielding a +0 whip.
You cannot throw/fire anything while held in a net.
You cannot attack while held in a net.
Unknown command.
You struggle against the net.
Your quasit bites the gnoll but does no damage.
Your quasit completely misses the gnoll.
Your quasit claws the gnoll.
You shred the net and break free!
Your quasit bites the gnoll.
Your quasit barely misses the gnoll.
Your quasit claws the gnoll.
The gnoll barely misses you.
The gnoll hits your quasit with a +0 club.
Your quasit bites the gnoll but does no damage.
Your quasit claws the gnoll.
Your quasit barely misses the gnoll.
You hit the gnoll.
You kill the gnoll!
The gnoll hits your quasit but does no damage.
Your quasit bites the gnoll.
Your quasit claws the gnoll. x2
Your quasit disappears in a puff of smoke!
The gnoll barely misses you.
Things that are here:
a +0 club; a gnoll corpse You hit the gnoll.
The gnoll is moderately wounded.
The gnoll hits you with a +0 club.
You slash the gnoll!
You kill the gnoll!
The gnoll hits you with a +0 whip.
The gnoll hits you with a +1 vorpal flail!
* * * LOW HITPOINT WARNING * * *
The gnoll hits you with a +0 whip.
* * * LOW HITPOINT WARNING * * *
The gnoll hits you with a +1 vorpal flail!
You die...
Xom bursts into laughter!

#...........########** #..
+...........'........#####..
#...........########.#......
#...........................
#.######........####.#.#.##.
..> ............#**#,#<.....
.... ...#........+ #.#.###
..... ............# , ,#.#.#
* ..... ......)@....# ,#.#.#
......gg....#*, #.#.#
#####.###+### #+#.# ... ....
...... ..... ....


You could see 2 gnolls.

Vanquished Creatures
  2 gnolls (D:3)
  3 worms (D:2)
  2 ball pythons
  An endoplasm (D:2)
  A giant cockroach (D:1)
  A bat (D:2)
  A frilled lizard (D:1)
  3 kobolds (D:2)
14 creatures vanquished.

Vanquished Creatures (collateral kills)
  A necrophage (D:3)
1 creature vanquished.

Grand Total: 15 creatures vanquished

Notes
Turn   | Place    | Note
-------+----------+-------------------------------------------
     0 | D:1      | lesaewzxc the Merfolk Gladiator began the quest for the
                  | Orb.
     0 | D:1      | Reached XP level 1. HP: 16/16 MP: 1/1
    56 | D:1      | You fall into a shaft and drop 1 floor!
   395 | D:2      | Reached XP level 2. HP: 23/23 MP: 2/2
   704 | D:2      | Found a faded altar of an unknown god.
   727 | D:2      | Found a shimmering altar of Xom.
   740 | D:2      | Became a worshipper of Xom of Chaos
   900 | D:2      | XOM: silly message
  1031 | D:3      | XOM: divination: magic mapping
  1059 | D:3      | Noticed a necrophage
  1059 | D:3      | XOM: confusion (+ monsters)
  1067 | D:3      | XOM: fake destruction
  1076 | D:3      | XOM: summons 2 friendly demons
  1078 | D:3      | Killed a necrophage
  1079 | D:3      | Reached skill level 1 in Armour
  1079 | D:3      | Reached XP level 3. HP: 27/28 MP: 2/4
  1079 | D:3      | Reached XP level 4. HP: 33/34 MP: 2/5
  1115 | D:3      | Slain by a gnoll

Illustrated notes

Levels and vault maps discovered:
D:1:      dpeg_arrival_water_temple_mockup, layout_basic,
          chequers_serial_rivers_small_a
D:2:      layout_loops_cross, ebering_ecumenical_altar_abandoned, basic_altar
D:3:      wad_river_or_something, layout_basic, uniq_jessica

Skill      XL: |  1  2 |
---------------+-------+-----
Long Blades    | 4 |  4.3
Armour         | 1 |  1.0
Fighting       | |  2.7
Throwing       | |  2.4
Dodging        | |  4.8
Spellcasting   | |  0.7

Action                   |  1- 3 |  4- 6 || total
-------------------------+-------+-------++-------
Melee: Long sword        |    48 |     3 ||    51
Throw: Throwing net      |     3 |       ||     3
       Javelin           |     1 |       ||     1
  Use: Scroll            |     2 |       ||     2
 Stab: Sleeping          |     2 |       ||     2
       Confused          |     1 |       ||     1
Armor: Leather armour    |    13 |       ||    13
Dodge: Dodged            |    28 |     2 ||    30

Table legend: (Time is in decaauts)
 A = Elapsed time spent in this place.
 B = Non-inter-level travel time spent in this place.
 C = Inter-level travel time spent in this place.
 D = Time resting spent in this place.
 E = Time spent auto-exploring this place.
 F = Levels seen in this place.
 G = Mean time per level.
                   A        B        C        D        E       F      G
               +--------+--------+--------+--------+--------+-----+--------+
         Total |   1124 |   1018 |    106 |      0 |     99 |   3 |  374.7 |
       Dungeon |   1124 |   1018 |    106 |      0 |     99 |   3 |  374.7 |
               +--------+--------+--------+--------+--------+-----+--------+

Top non-repeatable levels by time:
     D:2: 968 daAuts
     D:3: 98 daAuts
     D:1: 57 daAuts
